 Dungeon Crawl Stone Soup version 0.30.1-11-g7821555f0a (webtiles) character file.

Game seed: 4808999035921502571

11485 lonewolfV2 the Cleaver (level 11, -39/99 HPs)
             Began as a Hill Orc Fighter on Nov 10, 2023.
             Was a Priest of Zin.
             Annihilated by a very large slime creature (50 damage)
             ... on level 10 of the Dungeon.
             The game lasted 00:16:48 (13937 turns).

lonewolfV2 the Cleaver (Hill Orc Fighter)          Turns: 13937, Time: 00:16:48

Health: -39/99     AC: 24    Str: 24    XL:     11   Next: 78%
Magic:  17/17      EV:  9    Int:  8    God:    Zin [***...]
Gold:   264        SH:  4    Dex: 10    Spells: 10/10 levels left

rFire   . . .        u - +0 war axe (flame)
rCold   . . .        c - +0 buckler
rNeg    . . .        z - +0 plate armour
rPois   .            n - +0 helmet
rElec   .            g - +2 cloak
rCorr   .            (no gloves)
SInv    .            A - +0 pair of boots
Will    .....        (no amulet)
Stlth   x              - +4 ring of protection
HPRegen 0.36/turn    y - +4 ring of protection
MPRegen 0.15/turn

%: no passive effects
@: mighty, studying Ranged Weapons
A: no striking features
a: Renounce Religion, Recite, Vitalisation, Imprison, Donate Gold


You were on level 10 of the Dungeon.
You worshipped Zin.
Zin was most pleased with you.
You visited 2 branches of the dungeon, and saw 11 of its levels.

You collected 505 gold pieces.
You donated 241 gold pieces to Zin.

Inventory:

Hand Weapons
 a - a +1 war axe
 u - a +0 war axe of flaming (weapon)
Missiles
 e - 2 throwing nets (quivered)
Armour
 c - a +0 buckler (worn)
 g - a +2 cloak (worn)
 n - a +0 helmet (worn)
 z - a +0 plate armour (worn)
 A - a +0 pair of boots (worn)
Jewellery
 m - a ring of flight
 s - a ring of resist corrosion
 x - a +4 ring of protection (left hand)
 y - a +4 ring of protection (right hand)
Wands
 b - a wand of mindburst (6)
 d - a wand of flame (14)
 i - a wand of polymorph (10)
 E - a wand of charming (3)
Scrolls
 f - 3 scrolls of noise
 o - a scroll of amnesia
 p - 3 scrolls of teleportation
 r - a scroll of fear
 v - 2 scrolls of fog
 w - a scroll of identify
 B - a scroll of blinking
Potions
 h - 4 potions of brilliance
 q - 3 potions of mutation
 t - 2 potions of attraction
 C - a potion of invisibility


   Skills:
 - Level 10.1 Fighting
 - Level 11.2 Axes
 - Level 3.2 Armour
 - Level 10.6 Dodging
 - Level 3.2 Shields
 * Level 9.0 Invocations


You had 10 spell levels left.
You didn't know any spells.
Your spell library contained the following spells:

 Spells                   Type           Power      Damage    Failure   Level
 Apportation              Tloc           0%         N/A       100%        1
 Sting                    Tmut/Pois      0%         1d3       100%        1
 Summon Small Mammal      Summ           0%         N/A       100%        1
 Poisonous Vapours        Pois/Air       0%         N/A       100%        2
 Call Canine Familiar     Summ           0%         N/A       100%        3
 Dazzling Flash           Conj/Hex       0%         N/A       100%        3
 Inner Flame              Hex/Fire       0%         N/A       100%        3
 Ozocubu's Armour         Ice            0%         N/A       100%        3
 Summon Guardian Golem    Hex/Summ       0%         N/A       100%        3
 Olgreb's Toxic Radiance  Pois           0%         N/A       100%        4
 Summon Ice Beast         Ice/Summ       0%         N/A       100%        4
 Agony                    Necr           0%         N/A       100%        5
 Alistair's Intoxication  Tmut/Pois      0%         N/A       100%        5
 Metabolic Englaciation   Hex/Ice        0%         N/A       100%        5
 Silence                  Hex/Air        0%         N/A       100%        5
 Summon Mana Viper        Hex/Summ       0%         N/A       100%        5
 Yara's Violent Unravell  Hex/Tmut       0%         3d3       100%        5
 Simulacrum               Ice/Necr       0%         N/A       100%        6
 Enfeeble                 Hex            0%         N/A       100%        7
 Monstrous Menagerie      Summ           0%         N/A       100%        7


Dungeon Overview and Level Annotations

Branches:
Dungeon (10/15)            Temple (1/1) D:5            Lair (0/5) D:8
    Orc (0/2) D:9

Altars:
Ashenzari
Cheibriados
Elyvilon
Fedhas
Gozag
Kikubaaqudgha
Okawaru
Qazlal
Ru
Sif Muna
Trog
Yredelemnul
Zin
The Shining One

Shops:
D:3 ?([*   D:9 !


Message History

You block the slime creature's attack.
Two slime creatures merge to form a large slime creature.
Two slime creatures merge to form a very large slime creature.
You hit the very large slime creature. You burn the very large slime creature.
The very large slime creature is lightly wounded.
The very large slime creature hits you!!
* * * LOW HITPOINT WARNING * * *
You barely miss the very large slime creature.
The very large slime creature is lightly wounded.
A very large slime creature splits.
You feel much better.
The large slime creature barely misses you.
You block the slime creature's attack.
You slice the large slime creature!! You burn the large slime creature!
The large slime creature is heavily wounded.
You hit the slime creature. You burn the slime creature.
Two slime creatures merge to form a very large slime creature.
You block the slime creature's attack.
You hit the very large slime creature. You burn the very large slime creature.
The very large slime creature is moderately wounded.
You slash the slime creature! You burn the slime creature.
The very large slime creature hits you!!!
Ouch! That really hurt!
* * * LOW HITPOINT WARNING * * *
The slime creature hits you but does no damage.
You feel much better.
The very large slime creature hits you!!
* * * LOW HITPOINT WARNING * * *
The slime creature hits you but does no damage.
You feel much better.
You block the very large slime creature's attack.
You block the slime creature's attack.
You feel better.
The very large slime creature hits you!!!
* * * LOW HITPOINT WARNING * * *
The slime creature hits you but does no damage.
You feel very mighty all of a sudden.
The very large slime creature hits you!!!
Ouch! That really hurt!
You die...

###. #..#.###### ...#
##......... . #..#
##..#.###### .o #..##
##..##.# #
.J.#######..###...##.# #
.........##..#.......# #
.?.......oo#.........# #
..$......#J#........(######
.......)oJ@#...............
#........##################
#$.......# # #........# #
.........# ## #........# #.
#........# ##. #........#
#.. #..


You could see a very large slime creature, a slime creature, an orc warrior and
2 orcs.

Vanquished Creatures
  Erolcha (D:10)
  Pikel (D:7)
  Joseph (D:7)
  Maggie (D:6)
  Psyche (D:9)
  Sigmund (D:2)
  A shadow (D:9)
  A wraith (D:10)
  2 wyverns
  24 yaks
  2 steam dragons (D:7)
  3 vampire mosquitoes (D:7)
  2 sky beasts
  2 orc warriors
  3 ice beasts (D:7)
  2 black bears
  An ogre (D:5)
  5 centaurs
  5 phantoms
  4 bullfrogs
  4 kobold brigands
  3 scorpions
  A gnoll sergeant (D:8)
  3 wights (D:8)
  16 killer bees
  2 howler monkeys
  A hound (D:3)
  3 jellies
  6 orc priests
  2 sleepcaps
  2 iguanas
  Terence (D:2)
  A gnoll bouda (D:8)
  11 orc wizards
  Ijyb (D:3)
  Natasha (twice) (D:2)
  8 ogre zombies (D:9)
  Robin (D:3)
  12 gnolls
  6 adders
  A river rat (D:5)
  A white imp (D:5)
  An ufetubus (D:4)
  2 worms
  2 dart slugs (D:4)
  51 orcs
  11 endoplasms
  3 giant cockroaches
  15 goblins
  5 hobgoblins
  3 quokkas
  7 ball pythons
  4 bats
  3 frilled lizards
  4 goblin skeletons (D:9)
  5 goblin zombies (D:9)
  A hobgoblin skeleton (D:9)
  3 hobgoblin zombies (D:9)
  43 kobolds
  3 orc skeletons (D:9)
  9 orc zombies (D:9)
  6 rats
332 creatures vanquished.

Vanquished Creatures (others)
  A sky beast (D:7)
  A killer bee (D:9)
2 creatures vanquished.

Grand Total: 334 creatures vanquished

Notes
Turn   | Place    | Note
-------+----------+-------------------------------------------
     0 | D:1      | lonewolfV2 the Hill Orc Fighter began the quest for the
                  | Orb.
     0 | D:1      | Reached XP level 1. HP: 19/19 MP: 1/1
   752 | D:1      | Reached XP level 2. HP: 27/27 MP: 2/2
  1072 | D:2      | Noticed Natasha
  1078 | D:2      | Killed Natasha
  1079 | D:2      | Reached skill level 5 in Fighting
  1079 | D:2      | Reached XP level 3. HP: 24/36 MP: 3/3
  1401 | D:2      | Noticed Terence
  1418 | D:2      | Killed Terence
  1419 | D:2      | Reached XP level 4. HP: 35/44 MP: 4/4
  1533 | D:2      | Noticed Sigmund
  1556 | D:2      | HP: 2/44 [Sigmund/+0 scythe (8)]
  1559 | D:2      | Killed Sigmund
  1560 | D:2      | Reached XP level 5. HP: 4/53 MP: 5/5
  1560 | D:2      | Reached XP level 6. HP: 5/61 MP: 6/6
  2022 | D:2      | Noticed Natasha
  2029 | D:2      | Killed Natasha
  2210 | D:3      | Found an opulent altar of Gozag.
  2247 | D:3      | Found Ypnaxe's Weapon Emporium.
  2427 | D:3      | Found a white marble altar of Elyvilon.
  2433 | D:3      | Noticed Ijyb
  2448 | D:3      | Noticed Robin
  2455 | D:3      | Killed Ijyb
  2475 | D:3      | Killed Robin
  2700 | D:3      | Found Reosch's Antique Armour Emporium.
  2767 | D:3      | Found Hacolij's Assorted Antiques.
  3031 | D:3      | Found a faded altar of an unknown god.
  3041 | D:3      | Found Riupemp's Magic Scroll Shop.
  3348 | D:4      | Found an ancient bone altar of Kikubaaqudgha.
  3351 | D:4      | Found a blossoming altar of Fedhas.
  3496 | D:4      | Reached XP level 7. HP: 50/70 MP: 7/7
  4594 | D:4      | Reached skill level 10 in Fighting
  4823 | D:5      | Entered Level 5 of the Dungeon
  4919 | D:5      | Reached skill level 1 in Dodging
  5076 | D:5      | Found a staircase to the Ecumenical Temple.
  5142 | D:5      | Reached XP level 8. HP: 62/79 MP: 8/8
  5404 | D:5      | Found a glowing drain.
  5576 | D:5      | Found a shimmering blue altar of Sif Muna.
  6106 | D:6      | Noticed Maggie
  6118 | D:6      | Reached skill level 5 in Dodging
  6130 | D:6      | Killed Maggie
  6701 | D:6      | Reached XP level 9. HP: 77/85 MP: 9/9
  7276 | D:6      | Found a snail-covered altar of Cheibriados.
  7636 | D:7      | Noticed Pikel
  7663 | D:7      | Killed Pikel
  7992 | D:7      | Noticed Joseph
  8010 | D:7      | Killed Joseph
  8236 | D:7      | Reached XP level 10. HP: 66/93 MP: 10/10
  8769 | D:7      | Reached skill level 10 in Dodging
  9136 | D:7      | Identified the +0 robe of Galiaz {Rampage rPois rF+}
  9418 | D:8      | Reached skill level 3 in Axes
  9419 | D:8      | Reached skill level 4 in Axes
  9427 | D:8      | Reached skill level 5 in Axes
  9872 | D:8      | Reached skill level 6 in Axes
 10014 | D:8      | Reached skill level 7 in Axes
 10029 | D:8      | Reached skill level 8 in Axes
 10058 | D:8      | Reached skill level 9 in Axes
 10060 | D:8      | Reached XP level 11. HP: 49/97 MP: 11/11
 10639 | D:8      | Found a glowing golden altar of the Shining One.
 10781 | D:8      | Found a staircase to the Lair.
 11271 | Temple   | Entered the Ecumenical Temple
 11285 | Temple   | Became a worshipper of Zin the Law-Giver
 11285 | Temple   | Reached * piety under Zin
 11296 | Temple   | Donated 191 gold pieces to Zin
 11297 | Temple   | Reached ** piety under Zin
 11407 | D:9      | Noticed Psyche
 11421 | D:9      | Killed Psyche
 11422 | D:9      | Reached skill level 10 in Axes
 11991 | D:9      | Reached skill level 11 in Axes
 12071 | D:9      | Reached *** piety under Zin
 12108 | D:9      | Found a staircase to the Orcish Mines.
 12114 | D:9      | Reached skill level 1 in Invocations
 12671 | D:9      | Found Kebroulo's Distillery.
 12728 | D:9      | Reached skill level 5 in Invocations
 12819 | D:9      | Found an iron altar of Okawaru.
 13305 | D:10     | Entered Level 10 of the Dungeon
 13320 | D:10     | Noticed Erolcha
 13351 | D:10     | Killed Erolcha
 13933 | D:10     | HP: 3/99 [very large slime creature (51)]
 13937 | D:10     | Annihilated by a very large slime creature

Illustrated notes

Levels and vault maps discovered:
D:1:      noname_arrival_rooms_in_the_neighbourhood, layout_basic
D:2:      layout_loops_cross, uniq_terence, uniq_natasha, uniq_sigmund
D:3:      layout_basic, grunt_gozag_breadcrumbs,
          mainiacjoe_overflow_cross_hatched,
          shapermc_ecumenical_altar_mp_ritualfount, serial_shops,
          nicolae_shop_tiny_statue_garden, shop, shop, shop, uniq_ijyb,
          uniq_robin
D:4:      cheibrodos_fertilizer, layout_loops_corners,
          grunt_temple_overflow_growth_and_decay
D:5:      kennysheep_kobold_camp, layout_loops_ring,
          mainiacjoe_overflow_surrounded_room, minmay_temple_entry_wispy,
          portal_sewer_entry_c
D:6:      layout_loops_ring, lemuel_crystal_altar, minmay_misc_feat_square,
          serial_bayou_pond_c, uniq_maggie
D:7:      layout_basic, minmay_manual_moon, uniq_joseph, uniq_pikel
D:8:      layout_basic, tso_altar, lair_entry_dummy
D:9:      layout_irregular_city, mainiacjoe_overflow_catwalk, zombieorc2_lemuel,
          enter_bailey_3, serial_shops, nicolae_shop_tiny_glass, uniq_psyche
D:10:     hangedman_screamer, layout_basic, nemelex_diamond_rough_becter,
          uniq_erolcha
Temple:   dshaligram_water_room_temple

Skill      XL: |  1  2  3  4  5  6  7  8  9 10 11 |
---------------+----------------------------------+-----
Fighting       | 4 5 7 9 10 | 10.1
Dodging        | 2 6 9 10 | 10.6
Axes           | 9 11 | 11.2
Invocations    | 9 |  9.0
Armour         | |  3.2
Shields        | |  3.2

Action                     |  1- 3 |  4- 6 |  7- 9 | 10-12 || total
---------------------------+-------+-------+-------+-------++-------
  Melee: War axe           |    85 |   117 |   391 |   508 ||  1101
         Unarmed           |       |    21 |       |    30 ||    51
 Invoke: Donate Gold       |       |       |       |     1 ||     1
    Use: Scroll            |     1 |     8 |     7 |     2 ||    18
         Potion            |       |     2 |       |    11 ||    13
 Armour: Scale mail        |    40 |    68 |   195 |       ||   303
         Skin              |       |    37 |       |       ||    37
         Plate armour      |       |       |    84 |   432 ||   516
  Dodge: Dodged            |    42 |    88 |   196 |   352 ||   678
  Block: Buckler           |    23 |    29 |    97 |   165 ||   314
